 Dungeon Crawl Stone Soup version 0.19-a0-1492-gce1cc90 (webtiles) character file.

235664 Xiaoo the Eclecticist (level 19, -2/118 HPs)
             Began as a Gargoyle Earth Elementalist on Sept 8, 2016.
             Was the Champion of Vehumet.
             Slain by a merfolk
             ... wielding a +0 trident
              (18 damage)
             ... on level 4 of the Shoals on Sept 9, 2016.
             The game lasted 03:18:53 (56456 turns).

Xiaoo the Eclecticist (GrEE)                       Turns: 56456, Time: 03:18:54

Health: -2/118     AC: 35    Str: 13    XL:     19   Next: 63%
Magic:  25/38      EV: 21    Int: 23    God:    Vehumet [******]
Gold:   879        SH:  0    Dex: 12    Spells: 8 memorised, 16 levels left

rFire  . . .     SeeInvis .     G - +5 demon whip (drain)
rCold  . . .     Gourm    .     h - +3 leather armour {MR+}
rNeg   + . .     Faith    .     (no shield)
rPois  ∞         Spirit   .     U - +2 helmet
rElec  +         Dismiss  .     z - +2 cloak
rCorr  .         Reflect  .     Z - +3 pair of gloves "Ole Beejim" {rElec}
MR     ++...     Harm     .     w - +2 pair of boots {run}
Stlth  ++........               (no amulet)
                                n - +4 ring of evasion
                                P - +5 ring of slaying

@: about to teleport, engulfed, flying, mesmerised, very slightly contaminated,
studying 2 skills, invisible, quick
A: big wings, hooves 1, agile 1, negative energy resistance 1, electricity
resistance, unbreathing, petrification resistance, rot immunity, AC +13
a: Stop Flying, Renounce Religion
}: 1/15 runes: serpentine


You were on level 4 of the Shoals.
You worshipped Vehumet.
Vehumet was exalted by your worship.
You were hungry.

You visited 7 branches of the dungeon, and saw 33 of its levels.
You visited 1 bazaar.
You also visited: Ice Cave.

You collected 3187 gold pieces.
You spent 2308 gold pieces at shops.

Inventory:

Hand Weapons
 v - a +8 flail of draining
 G - a +5 demon whip of draining (weapon)
Armour
 h - a +3 leather armour of magic resistance (worn)
 w - a +2 pair of boots of running (worn)
 z - a +2 cloak (worn)
 Q - a +2 robe of magic resistance
 U - a +2 helmet (worn)
 Z - the +3 pair of gloves "Ole Beejim" (worn) {rElec}
   (You found it on level 3 of the Lair of Beasts)

   It insulates you from electricity.
Jewellery
 n - a +4 ring of evasion (right hand)
 C - an uncursed ring of resist corrosion
 P - a +5 ring of slaying (left hand)
 V - an uncursed ring of wizardry
Wands
 f - a wand of heal wounds (0/9)
 s - a wand of acid (4/15)
 D - a wand of iceblast (2/15)
 M - a wand of teleportation (9/9)
 W - a wand of lightning (9/15)
Scrolls
 i - 7 scrolls of teleportation
 r - 5 scrolls of fear
 x - 17 scrolls of remove curse
 A - 2 scrolls of amnesia
 I - 2 scrolls of enchant armour
 X - 3 scrolls of magic mapping
 Y - 13 scrolls of identify
Potions
 b - 3 potions of curing
 c - 2 potions of agility
 e - 2 potions of brilliance
 g - a potion of invisibility
 j - a potion of might
 k - 5 potions of lignification
 o - 2 potions of resistance
 q - 5 potions of ambrosia
 u - 3 potions of mutation
 T - a potion of haste
Books
 m - a book of Party Tricks

   Spells                             Type                      Level
   a - Summon Butterflies             Summoning                    1
   b - Apportation                    Translocation                1
   c - Tukima's Dance                 Hexes                        3
   d - Alistair's Intoxication        Transmutation/Poison         5
   e - Invisibility                   Hexes                        6
 p - a manual of Maces & Flails
 t - a manual of Short Blades
 H - a book of the Tempests

   Spells                             Type                      Level
   a - Static Discharge               Conjuration/Air              3
   b - Lightning Bolt                 Conjuration/Air              5
   c - Fireball                       Conjuration/Fire             5
   d - Tornado                        Air                          9
   e - Shatter                        Earth                        9
Miscellaneous
 L - a phantom mirror
Comestibles
 d - 11 bread rations
 l - 11 meat rations
 B - a beef jerky


   Skills:
 + Level 12.8 Fighting
 + Level 13.0 Maces & Flails
 - Level 8.0 Armour
 + Level 10.1 Dodging
 - Level 2.1 Stealth
 * Level 15.8 Spellcasting
 + Level 13.1 Conjurations
 - Level 0.7 Transmutations
 * Level 13.3 Fire Magic
 + Level 14.9 Earth Magic


You had 16 spell levels left.
You knew the following spells:

 Your Spells              Type           Power        Failure   Level  Hunger
a - Iron Shot             Conj/Erth      ######....   1%          6    ####...
b - Stone Arrow           Conj/Erth      ######       1%          3    None
c - Lee's Rapid Deconstr  Erth           ######....   1%          5    ##.....
d - Apportation           Tloc           ###.......   4%          1    None
e - Mephitic Cloud        Conj/Pois/Air  #####...     1%          3    None
g - Bolt of Magma         Conj/Fire/Erth ######....   1%          5    ##.....
h - Fireball              Conj/Fire      ######....   1%          5    ##.....
i - Irradiate             Conj/Tmut      ######....   2%          5    ##.....


Dungeon Overview and Level Annotations

Branches:
Dungeon (15/15)            Temple (1/1) D:7            Lair (6/6) D:9
 Shoals (4/4) Lair:3        Snake (4/4) Lair:4        Slime (0/5) Lair:6
    Orc (2/2) D:11            Elf (1/3) Orc:2        Vaults (0/5) D:13
 Depths (0/5) D:15

Altars:
Ashenzari
Cheibriados
Dithmenos
Elyvilon
Fedhas
Gozag
Hepliaklqana
Kikubaaqudgha
Makhleb
Nemelex Xobeh
Okawaru
Qazlal
Ru
Sif Muna
Trog
Uskayaw
Vehumet
Xom
Yredelemnul
Zin
The Shining One

Shops:
D:7 !   D:15 *   Orc:2 *%*!   Snake:1 [

Annotations:
Lair:2 exclusion: ice statue


Innate Abilities, Weirdness & Mutations

You are resistant to torment.
Your stone body is resilient. (AC +13)
You are immune to poison.
Your large and strong wings let you fly indefinitely.
You resist negative energy. (rN+)
You are resistant to electric shocks. (rElec)
You can survive without breathing.
You are immune to petrification.
You are immune to rotting.
You have large cloven feet.
You are agile. (Dex +2)


Message History

The merfolk hits you from afar with a trident.
* * * LOW HITPOINT WARNING * * *
The merfolk aquamancer barely misses you.
The sea snake bites you!
* * * LOW HITPOINT WARNING * * *
The merfolk aquamancer mumbles some strange words.
The merfolk aquamancer blinks!
The water elemental hits you.
The siren chants its luring song.
The merfolk javelineer throws a javelin of penetration.
The javelin of penetration pierces through the merfolk aquamancer!!
The javelin of penetration pierces through you but does no damage.
The javelin of penetration pierces through the water elemental!
The javelin of penetration pierces through the merfolk aquamancer!!
The merfolk aquamancer dies!
You hear a splash. x3
The merfolk javelineer throws a javelin.
The javelin hits the merfolk aquamancer!
You hear a splash.
The merfolk hits you from afar with a trident!!
You die...

≈,,,*,,#...#*≈,,,.#...≈#≈#,,≈*,,≈
,,*≈,,,,#mm.######......#≈#≈,,,≈*
,≈≈*≈,*,#.^..............#≈≈,,≈**
,≈≈**≈,,#.......mt.......≈####**,
,,≈≈≈*,,#...§m...........$≈≈≈≈,,,
*,,≈≈,,≈#...mm.≈≈........≈?≈≈.,,,
≈*,,,,≈##.....≈≈mm[......≈≈≈..,,,
*≈≈≈≈≈##.)....≈mE§m).....≈≈...*,*
****###≈...≈≈≈≈m@S(..≈≈≈≈≈≈...,∩,
,***#......≈≈≈≈≈EE..(≈))≈≈≈..m*,*
,,,#....≈≈..≈≈mtm((..≈≈≈)≈.≈..,,,
,........≈..≈≈≈≈≈≈...≈≈≈≈≈≈≈≈.,,,
,.....≈...≈..≈≈.≈≈..(≈....≈≈≈.,,,
,....?≈≈.........≈≈...≈c......,,,
,................≈...c......≈.,,,
≈..≈≈..................#......,,,
≈≈..≈#######.....≈≈≈≈≈.#......,,,


You could see an alligator snapping turtle, a merfolk avatar, 4 merfolk
javelineers, a sea snake, 2 merfolk aquamancers, a snapping turtle, 3 merfolk, 2
fauns, 3 water elementals and 3 sirens.

Vanquished Creatures
  Polyphemus (Shoals:3)
  A kraken (Shoals:2)
  A fire giant (D:15)
  Roxanne (Shoals:1)
  8 greater nagas
  A deep elf demonologist (Elf:1)
  A blizzard demon (IceCv)
  8 merfolk impalers
  3 merfolk javelineers
  Fannar (D:11)
  4 ogre magi (Orc:2)
  11 hydras
  Josephine (Shoals:1)
  2 ice dragons
  16 naga warriors
  A catoblepas (Shoals:3)
  The ghost of Etesian the Spear-Bearer, a journeyman MfGl of Yredelemnul (D:10)
  A merfolk avatar (Shoals:3)
  12 anacondas
  2 satyrs
  4 centaur warriors
  7 merfolk aquamancers
  2 alligator snapping turtles
  A dancing weapon (Elf:1)
  7 death yaks
  An orc high priest (Orc:2)
  A tengu warrior (D:15)
  5 shock serpents
  15 naga sharpshooters
  A skeletal warrior (D:13)
  Nergalle (Lair:1)
  14 sea snakes
  3 deep elf knights
  4 unseen horrors
  2 salamander mystics
  11 hill giants
  6 naga ritualists
  A deep elf archer (Elf:1)
  2 lindwurms (Lair:6)
  16 harpies
  2 orc knights
  3 oklob plants (Lair:3)
  11 griffons
  6 ugly things
  10 mana vipers
  4 cyclopes
  A wolf spider (Lair:6)
  8 manticores
  4 deep elf magi
  3 orc sorcerers
  13 salamanders
  A hornet (Lair:6)
  17 fauns
  4 elephants (Lair:6)
  5 sirens
  2 ice statues (IceCv)
  52 black mambas
  4 water nymphs
  2 centaur zombies (D:14)
  Psyche (D:11)
  18 naga magi
  A gargoyle (D:12)
  16 guardian serpents
  7 centaur skeletons
  6 torpor snails (Lair:6)
  19 spiny frogs
  2 rime drakes
  An efreet (D:14)
  A freezing wraith (Lair:2)
  13 ice devils (IceCv)
  7 komodo dragons
  4 polar bears
  3 giant leeches (Lair:6)
  10 trolls
  22 merfolk
  A harpy skeleton (D:13)
  A tengu conjurer (D:15)
  19 two-headed ogres
  A slime creature (Lair:6)
  10 snapping turtles
  4 dream sheep (Shoals:1)
  A raiju (shapeshifter) (D:15)
  Prince Ribbit (D:7)
  A meliai zombie (D:15)
  21 blink frogs
  A redback (Lair:6)
  A centaur simulacrum (D:14)
  12 water elementals
  Grum (Lair:1)
  2 vampires
  7 wraiths
  8 wyverns
  A human (D:6)
  5 basilisks
  44 yaks
  8 hippogriffs
  2 hungry ghosts
  4 hogs
  6 vampire mosquitoes
  2 mottled dragons
  Edmund (D:5)
  53 nagas
  2 wargs (Orc:1)
  A soldier ant (D:15)
  6 porcupines
  21 water moccasins
  20 orc warriors
  A swamp drake (D:11)
  8 sky beasts
  7 ice beasts
  30 ogres
  3 phantoms
  3 black bears
  An eye of draining (D:9)
  2 necrophages
  An eye of draining (shapeshifter) (D:14)
  11 wolves
  17 centaurs
  10 wasps (Lair:6)
  15 crocodiles
  Blork the orc (D:5)
  11 giant frogs
  A wyvern skeleton (D:13)
  A water moccasin skeleton (D:7)
  5 scorpions
  9 killer bees
  22 wights
  2 howler monkeys
  An electric eel (D:15)
  9 crimson imps
  2 giant frog zombies (D:11)
  12 hounds
  6 jellies
  16 orc priests
  3 giant frog skeletons
  Crazy Yiuf (D:5)
  7 iguanas
  Terence (D:2)
  22 orc wizards
  16 worker ants
  A hound zombie (D:9)
  A hound skeleton (D:7)
  3 worker ant zombies
  6 gnolls
  2 howler monkey skeletons
  36 river rats
  15 adders
  6 shadow imps
  10 white imps
  6 ufetubi (IceCv)
  2 adder zombies
  An adder skeleton (D:4)
  5 worms
  A dart slug (D:3)
  6 giant geckos
  95 orcs
  7 bats
  A giant cockroach (D:1)
  2 goblins (D:3)
  7 hobgoblins
  5 quokkas
  2 ball pythons
  A giant gecko skeleton (D:7)
  3 giant newts
  6 kobolds
  10 rats
  A bush (D:5)
  A fungus (Lair:2)
  A plant (Lair:6)
  3 tentacles (Shoals:2)
1235 creatures vanquished.

Vanquished Creatures (others)
  Asterion (Snake:1)
  A greater naga (Snake:4)
  A merfolk aquamancer (Shoals:4)
  A naga sharpshooter (Snake:4)
  A mana viper (Snake:4)
  2 black mambas (Snake:4)
  2 white imps (IceCv)
  4 ufetubi (IceCv)
  An orc (D:13)
  44 fungi
  55 plants
  16 tentacles (Shoals:2)
129 creatures vanquished.

Grand Total: 1364 creatures vanquished

Notes
Turn   | Place    | Note
-------+----------+-------------------------------------------
     0 | D:1      | Xiaoo the Gargoyle Earth Elementalist began the quest for the Orb.
     0 | D:1      | Reached XP level 1. HP: 10/10 MP: 3/3
   625 | D:1      | Reached XP level 2. HP: 15/15 MP: 5/5
  1190 | D:2      | Noticed Terence
  1202 | D:2      | Killed Terence
  1202 | D:2      | Reached skill level 3 in Spellcasting
  1202 | D:2      | Reached XP level 3. HP: 16/19 MP: 5/7
  1463 | D:2      | Reached XP level 4. HP: 8/24 MP: 9/9
  1786 | D:2      | Learned a level 3 spell: Stone Arrow
  2686 | D:3      | Reached XP level 5. HP: 28/28 MP: 10/10
  2693 | D:3      | Learned a level 5 spell: Lee's Rapid Deconstruction
  3081 | D:3      | Reached skill level 5 in Earth Magic
  3407 | D:3      | Found a glowing golden altar of the Shining One.
  3654 | D:4      | Noticed an ogre
  3664 | D:4      | Killed an ogre
  3664 | D:4      | Reached skill level 4 in Spellcasting
  3664 | D:4      | Reached skill level 1 in Conjurations
  3664 | D:4      | Reached XP level 6. HP: 32/32 MP: 4/12
  3904 | D:4      | Got a pair of spiked gloves
  3915 | D:4      | Identified the +1 pair of gloves of the Okapi {rPois rC+} (You found it on level 4 of the Dungeon)
  4266 | D:4      | Found a bloodstained altar of Trog.
  4543 | D:5      | Entered Level 5 of the Dungeon
  4555 | D:5      | Noticed Blork the orc
  4678 | D:5      | Killed Blork the orc
  4678 | D:5      | Reached skill level 5 in Spellcasting
  4678 | D:5      | Reached XP level 7. HP: 36/36 MP: 4/14
  5093 | D:5      | Noticed Edmund
  5103 | D:5      | Killed Edmund
  5292 | D:5      | Noticed a hippogriff
  5299 | D:5      | Killed a hippogriff
  5436 | D:5      | Reached skill level 6 in Spellcasting
  5913 | D:5      | Reached XP level 8. HP: 41/41 MP: 17/17
  6339 | D:5      | Found a runed door.
  6344 | D:5      | Noticed Crazy Yiuf
  6346 | D:5      | Killed Crazy Yiuf
  6346 | D:5      | Reached skill level 1 in Maces & Flails
  6543 | D:6      | Reached skill level 1 in Armour
  6562 | D:6      | Reached skill level 1 in Fighting
  6703 | D:6      | Found a blossoming altar of Fedhas.
  6935 | D:6      | Reached skill level 7 in Spellcasting
  7121 | D:6      | Reached XP level 9. HP: 47/48 MP: 8/19
  7391 | D:7      | Reached skill level 5 in Conjurations
  7543 | D:7      | Found Rifax's Distillery.
  7546 | D:7      | Bought a potion of degeneration for 13 gold pieces
  7558 | D:7      | Bought a potion of heal wounds for 65 gold pieces
  7558 | D:7      | Bought a potion of heal wounds for 65 gold pieces
  8375 | D:7      | Found a staircase to the Ecumenical Temple.
  8406 | Temple   | Entered the Ecumenical Temple
  8516 | Temple   | Became a worshipper of Vehumet
  8585 | D:7      | Noticed Prince Ribbit
  8589 | D:7      | Killed Prince Ribbit
  8851 | D:8      | Reached skill level 8 in Spellcasting
  8851 | D:8      | Reached XP level 10. HP: 56/56 MP: 9/22
  9965 | D:9      | Reached * piety under Vehumet
  9965 | D:9      | Offered knowledge of Freeze by Vehumet.
 10261 | D:9      | Found a staircase to the Lair.
 10678 | D:10     | Entered Level 10 of the Dungeon
 10721 | D:10     | Got a twisted quarterstaff
 10722 | D:10     | Identified the +3 quarterstaff "Conservator" {speed, *Rage rF+ rC+ Str+3} (You found it on level 10 of the Dungeon)
 10770 | D:10     | Noticed a hill giant
 10794 | D:9      | Killed a hill giant
 10903 | D:10     | Noticed Etesian's ghost (journeyman MfGl)
 11487 | D:9      | Killed an unseen horror
 11487 | D:9      | Reached skill level 5 in Fighting
 11487 | D:9      | Reached skill level 9 in Spellcasting
 12291 | D:9      | Reached XP level 11. HP: 63/63 MP: 2/24
 12292 | D:9      | Reached ** piety under Vehumet
 12500 | D:9      | Reached skill level 5 in Armour
 12545 | D:10     | Offered knowledge of Throw Flame by Vehumet.
 12811 | D:10     | Reached skill level 5 in Maces & Flails
 13172 | D:10     | Learned a level 4 spell: Throw Icicle
 14278 | Lair:1   | Entered Level 1 of the Lair of Beasts
 14278 | Lair:1   | Noticed a six-headed hydra
 14350 | Lair:1   | Killed a six-headed hydra
 14569 | Lair:1   | Got a slimy mace
 14570 | Lair:1   | Identified the +4 mace "Kegus" {crush, rF+} (You found it on level 1 of the Lair of Beasts)
 14586 | Lair:1   | Noticed Nergalle
 14661 | Lair:1   | Killed Nergalle
 15289 | Lair:1   | Offered knowledge of Dazzling Spray by Vehumet.
 15938 | Lair:1   | Reached *** piety under Vehumet
 16190 | Lair:1   | Reached skill level 5 in Dodging
 16244 | Lair:1   | Noticed Grum
 16247 | Lair:1   | Reached skill level 10 in Spellcasting
 16247 | Lair:1   | Reached XP level 12. HP: 53/71 MP: 18/26
 16249 | Lair:1   | Killed Grum
 17064 | Lair:2   | Reached skill level 10 in Earth Magic
 17138 | Lair:2   | Offered knowledge of Olgreb's Toxic Radiance by Vehumet.
 18563 | Lair:3   | Found a deep blue altar of Sif Muna.
 18849 | Lair:3   | Learned a level 3 spell: Mephitic Cloud
 18854 | Lair:3   | Learned a level 4 spell: Olgreb's Toxic Radiance
 19051 | Lair:3   | Reached **** piety under Vehumet
 19087 | Lair:3   | Got a pair of crude gloves
 19098 | Lair:3   | Identified the +3 pair of gloves "Ole Beejim" {rElec} (You found it on level 3 of the Lair of Beasts)
 19427 | Lair:3   | Found a staircase to the Shoals.
 19657 | Lair:3   | Noticed a seven-headed hydra
 19670 | Lair:3   | Killed a seven-headed hydra
 20176 | Lair:3   | Reached skill level 11 in Spellcasting
 20176 | Lair:3   | Reached XP level 13. HP: 43/78 MP: 11/28
 20656 | Lair:4   | Offered knowledge of Bolt of Magma by Vehumet.
 20672 | Lair:4   | Learned a level 5 spell: Bolt of Magma
 20739 | Lair:4   | Reached skill level 1 in Fire Magic
 20909 | Lair:4   | Got a scorched dagger
 21053 | Lair:4   | Gained mutation: You are agile. (Dex +2) [potion of beneficial mutation]
 21055 | Lair:4   | Identified the cursed +2 dagger of Itesmis {pierce, rElec MR++ Str-3 SInv} (You found it on level 4 of the Lair of Beasts)
 21372 | Lair:4   | Found a staircase to the Snake Pit.
 21902 | Lair:5   | Learned a level 5 spell: Fireball
 22640 | Lair:6   | Entered Level 6 of the Lair of Beasts
 23549 | Lair:6   | Reached ***** piety under Vehumet
 23549 | Lair:6   | Offered knowledge of Irradiate by Vehumet.
 23561 | Lair:6   | Learned a level 5 spell: Irradiate
 24079 | Lair:6   | Gained mutation: Your large and strong wings let you fly indefinitely. [Gargoyle growth]
 24079 | Lair:6   | Reached XP level 14. HP: 56/84 MP: 29/29
 24315 | Lair:6   | Reached skill level 5 in Fire Magic
 24469 | Lair:6   | Found a staircase to the Slime Pits.
 24592 | Lair:6   | Reached skill level 12 in Spellcasting
 24749 | Lair:6   | Gained mutation: You have large cloven feet. [mutagenic glow]
 25627 | Lair:6   | Found a runed door.
 25854 | Lair:6   | HP: 4/86 [wasp (7)]
 27590 | Lair:6   | Reached skill level 10 in Conjurations
 27873 | D:10     | Killed Etesian's ghost
 28269 | D:11     | Offered knowledge of Force Lance by Vehumet.
 28479 | D:11     | Noticed Psyche
 28495 | D:11     | Killed Psyche
 28629 | D:11     | Noticed Fannar
 28645 | D:11     | Killed Fannar
 28796 | D:11     | Found a staircase to the Orcish Mines.
 29499 | D:12     | Found a stormy altar of Qazlal.
 29543 | D:12     | Reached XP level 15. HP: 86/92 MP: 8/31
 31000 | D:13     | Offered knowledge of Bolt of Fire by Vehumet.
 31562 | D:13     | Found a gate to the Vaults.
 31813 | D:13     | Reached skill level 10 in Fighting
 32421 | D:14     | Reached skill level 13 in Spellcasting
 33318 | D:14     | Offered knowledge of Spellforged Servitor by Vehumet.
 33393 | D:15     | Entered Level 15 of the Dungeon
 33673 | D:15     | Found Dicopen's Demolitions Depot.
 33711 | D:15     | Found a staircase to the Depths.
 33712 | D:15     | Noticed a fire giant
 34143 | D:15     | Killed a fire giant
 36043 | Orc:1    | Entered Level 1 of the Orcish Mines
 36045 | Orc:1    | Reached XP level 16. HP: 98/98 MP: 22/33
 36934 | Orc:2    | Entered Level 2 of the Orcish Mines
 37280 | Orc:2    | Found a staircase to the Elven Halls.
 37555 | Orc:2    | Offered knowledge of Iron Shot by Vehumet.
 37575 | Orc:2    | Learned a level 6 spell: Iron Shot
 37784 | Orc:2    | Found Puschixe's Food Shop.
 37784 | Orc:2    | Found Laypt's Distillery.
 37799 | Orc:2    | Found Igosem's Assorted Antiques.
 37799 | Orc:2    | Found Qauco's General Store.
 38308 | Elf:1    | Entered Level 1 of the Elven Halls
 38336 | Elf:1    | Noticed an Executioner
 38959 | Snake:1  | Entered Level 1 of the Snake Pit
 39046 | Snake:1  | Found a frozen archway.
 39109 | IceCv    | Entered an ice cave
 39448 | IceCv    | Reached skill level 10 in Fire Magic
 39524 | IceCv    | Identified a +2 pair of boots of running (You found it in an ice cave)
 39640 | IceCv    | Reached skill level 10 in Maces & Flails
 41220 | Snake:1  | Reached skill level 14 in Spellcasting
 41298 | Snake:1  | Reached ****** piety under Vehumet
 41402 | Snake:1  | Found Vaisor Wuwna's Armour Shop.
 41718 | Snake:1  | Upgraded the game from 0.19-a0-1489-ga782747 to 0.19-a0-1492-gce1cc90
 41741 | Snake:1  | Offered knowledge of Delayed Fireball by Vehumet.
 42160 | Snake:2  | Reached XP level 17. HP: 97/104 MP: 13/35
 42338 | Snake:2  | Noticed Asterion
 42402 | Snake:1  | Killed Asterion
 45074 | Snake:3  | Got a sparkling turquoise ring
 45075 | Snake:3  | Identified the ring of Keogol {rElec rPois MP+9 Stlth-} (You found it on level 3 of the Snake Pit)
 45342 | Snake:4  | Entered Level 4 of the Snake Pit
 45581 | Snake:4  | Found a gateway to a bazaar.
 45590 | Snake:4  | Offered knowledge of Poisonous Cloud by Vehumet.
 45599 | Bazaar   | Entered a bazaar
 45667 | Bazaar   | Found Huopreb's Gadget Boutique.
 45690 | Bazaar   | Found Ilyrrunu's Magic Scroll Emporium.
 45713 | Bazaar   | Found Eqekyec's Book Boutique.
 45740 | Bazaar   | Found Xobun's Food Shoppe.
 45812 | Bazaar   | Bought a manual of Maces & Flails for 1766 gold pieces
 45827 | Bazaar   | Bought a scroll of blinking for 105 gold pieces
 45827 | Bazaar   | Bought a scroll of identify for 28 gold pieces
 45827 | Bazaar   | Bought a scroll of enchant armour for 105 gold pieces
 45827 | Bazaar   | Bought a scroll of identify for 28 gold pieces
 45827 | Bazaar   | Bought a scroll of magic mapping for 49 gold pieces
 45827 | Bazaar   | Bought a scroll of identify for 28 gold pieces
 45827 | Bazaar   | Bought a scroll of identify for 28 gold pieces
 45827 | Bazaar   | Bought a scroll of identify for 28 gold pieces
 46798 | Snake:4  | Found a stormy altar of Qazlal.
 47139 | Snake:4  | Reached XP level 18. HP: 72/112 MP: 36/36
 48232 | Snake:4  | Reached skill level 15 in Spellcasting
 49604 | Snake:4  | Got a serpentine rune of Zot
 50107 | Snake:4  | Offered knowledge of Lehudib's Crystal Spear by Vehumet.
 50107 | Snake:4  | Offered knowledge of Fire Storm by Vehumet.
 50107 | Snake:4  | Offered knowledge of Glaciate by Vehumet.
 50475 | Shoals:1 | Entered Level 1 of the Shoals
 51268 | Shoals:1 | Noticed Josephine
 51270 | Shoals:1 | Noticed Roxanne
 51287 | Shoals:1 | Killed Josephine
 51375 | Shoals:1 | Killed Roxanne
 51479 | Shoals:1 | Identified Roxanne's Volume of Clay (You took it off Roxanne on level 1 of the Shoals)
 52677 | Shoals:2 | Reached XP level 19. HP: 67/117 MP: 36/38
 53061 | Shoals:2 | Learned a level 1 spell: Apportation
 54442 | Shoals:3 | Reached skill level 10 in Dodging
 54884 | Shoals:3 | Noticed Polyphemus
 54901 | Shoals:3 | Killed Polyphemus
 56024 | Shoals:4 | Entered Level 4 of the Shoals
 56456 | Shoals:4 | Slain by a merfolk

Vault maps used:
D:1:      minmay_arrival_diagonal_passages
D:2:      uniq_terence
D:3:      first_bread, tso_altar
D:4:      hangedman_abyss_or_decor_passed, bloody_trog
D:5:      uniq_crazy_yiuf_cottage, uniq_blork_the_orc, uniq_edmund
D:6:      fedhas_altar_3
D:7:      serial_shops, nicolae_shop_competitors_out_of_business,
          grunt_livestock, uniq_prince_ribbit1
D:9:      due_lair_maze_entry_diamond
D:10:     nicolae_whirlpool, lemuel_another_geyser
D:11:     erik_orc_1, uniq_fannar, uniq_psyche
D:12:     grunt_qazlal_sundering
D:13:     hangedman_vaults_entry_quadrant_bands, spider_trap,
          kennysheep_generic_room_5
D:14:     minmay_connected_triangles_in_corner, grunt_decor_cap
D:15:     grunt_enter_depths_giant_problem, serial_bayou_pond_b,
          nicolae_blasting_shop
Temple:   kilobyte_greek_temple
Lair:1:   grunt_megastairs_1, lemuel_fruit_tree, uniq_nergalle, uniq_grum
Lair:2:   st_stairs_4, ice2_lemuel, grunt_megastairs_5
Lair:3:   minmay_shoals_entry_beasts, lemuel_oklob_altar
Lair:4:   minmay_snake_entry_guardpost_medium, minivault_23,
          nicolae_lair_grove_arrangements, serial_bayou_shore_a,
          lemuel_fruit_fields
Lair:5:   cheibrodos_lair_caveside_slide, grunt_megastairs_3
Lair:6:   hangedman_lair_tendril_chambers, wormcave, minmay_slime_entry_pillars,
          serial_bayou_shore_b
Shoals:1: uniq_roxanne, uniq_josephine
Shoals:2: st_sunken_huts
Shoals:3: nicolae_shoals_cliffside_cave, uniq_polyphemus
Shoals:4: shoals_end_hangedman, shoal_ilsuiw, serial_shops,
          nicolae_shop_crystal, nicolae_shoals_stone_sculpture_thing
Snake:1:  serial_shops, shop, portal_ice_cave_entry_dragon,
          nicolae_snake_linked_coils
Snake:2:  uniq_asterion
Snake:4:  grunt_snake_rune_pools, serial_shops, bzr_firewalk, basic_altar
Orc:2:    st_orc_ogre_mass, abandoned_shop
Elf:1:    serial_shops, shop, nicolae_shop_temple_entry_statues_fountains,
          nicolae_shop_behind_doors, nicolae_shop_trees, shop_fountains,
          hangedman_corner_corridor, hangedman_research_electronics, uniq_aizul,
          uniq_frances
Bazaar:   bazaar_jpeg_circle_common
IceCv:    ice_cave_small_demon

Skill      XL: |  1  2  3  4  5  6  7  8  9 10 11 12 13 14 15 16 17 18 19 |
---------------+----------------------------------------------------------+-----
Spellcasting   | 3 4 5 6 7 8 9 10 11 12 13 14 15 | 15.8
Earth Magic    | 4 5 6 7 8 9 10 11 12 13 14 | 14.9
Conjurations   | 1 2 3 4 5 6 7 8 9 10 11 12 13 | 13.1
Maces & Flails | 2 3 4 6 7 8 9 10 11 12 13 | 13.0
Armour         | 2 3 4 6 7 8 |  8.0
Fighting       | 2 3 5 6 7 8 9 10 11 12 | 12.8
Dodging        | 2 3 4 5 6 7 8 9 10 | 10.1
Fire Magic     | 4 7 9 10 11 12 13 | 13.3
Stealth        | |  2.1
Transmutations | |  0.7

Action                   |  1- 3 |  4- 6 |  7- 9 | 10-12 | 13-15 | 16-18 | 19-21 || total
-------------------------+-------+-------+-------+-------+-------+-------+-------++-------
Melee: Dagger            |    31 |       |       |       |       |       |       ||    31
       Whip              |    40 |   140 |       |       |       |       |       ||   180
       Flail             |       |       |   225 |   500 |  1232 |   499 |       ||  2456
       Quarterstaff      |       |       |       |    24 |       |       |       ||    24
       Mace              |       |       |       |    48 |       |       |       ||    48
       Eveningstar       |       |       |       |       |   106 |       |       ||   106
       Demon whip        |       |       |       |       |       |  1015 |   288 ||  1303
 Cast: Sandblast         |    12 |    30 |    20 |     1 |       |       |       ||    63
       Stone Arrow       |       |    14 |    42 |   183 |    94 |     9 |       ||   342
       Lee's Rapid Decon |       |       |     2 |    13 |    17 |    27 |     3 ||    62
       Throw Icicle      |       |       |       |    23 |     3 |       |       ||    26
       Olgreb's Toxic Ra |       |       |       |     5 |     7 |       |       ||    12
       Mephitic Cloud    |       |       |       |     2 |    11 |     2 |       ||    15
       Bolt of Magma     |       |       |       |       |    85 |    50 |     3 ||   138
       Fireball          |       |       |       |       |     7 |    41 |    30 ||    78
       Irradiate         |       |       |       |       |    13 |    24 |     4 ||    41
       Iron Shot         |       |       |       |       |       |    80 |    41 ||   121
 Abil: Fly               |       |       |       |       |     1 |       |       ||     1
Evoke: Wand              |       |       |       |     1 |       |    11 |     3 ||    15
  Use: Scroll            |     5 |     8 |     4 |    12 |    12 |    13 |     2 ||    56
       Potion            |     2 |       |       |     3 |     8 |     3 |     2 ||    18
 Stab: Sleeping          |     2 |     1 |     3 |     3 |     4 |     4 |       ||    17
       Distracted        |       |       |       |     1 |       |     1 |     1 ||     3
       Confused          |       |       |       |       |     7 |       |       ||     7
  Eat: Chunk             |     1 |     9 |    14 |    30 |    55 |    33 |    18 ||   160
       Bread ration      |     1 |       |       |       |     1 |     3 |       ||     5
       Beef jerky        |       |       |     1 |     2 |       |     3 |     1 ||     7
       Royal jelly       |       |       |       |     2 |       |     1 |       ||     3
       Fruit             |       |       |       |     4 |    18 |       |     1 ||    23
       Pizza             |       |       |       |       |       |    13 |       ||    13
       Meat ration       |       |       |       |       |       |     2 |       ||     2
Armor: Robe              |    53 |   101 |    79 |   230 |   749 |   565 |       ||  1777
       Leather armour    |       |       |       |    80 |       |    73 |   193 ||   346
Dodge: Dodged            |    83 |   117 |   194 |   684 |  1634 |  1362 |   317 ||  4391
